TOP OF THE 1ST |
Athletic Club KC batting - Pitching for Louisville BC : RHP Leroy Picot
|
Pitching: RHP Leroy Picot
|
|
Batting: RHB Jorge Trevino
|
0-0: Ball 1-0: Called Strike 1-1: Foul Ball, location: 2F 1-2: Ball 2-2: Strikes out swinging
|
Batting: LHB Rafael García
|
0-0: Foul Ball, location: 2F 0-1: Ball 1-1: Ground out 6-3 (Groundball, 6)
|
Batting: RHB Rick Atkinson
|
0-0: Fly out, F5 (Line Drive, 5)
|
Top of the 1st over - 0 run(s), 0 hit(s), 0 error(s), 0 left on base; Athletic Club KC 0 - Louisville 0 |
BOTTOM OF THE 1ST |
Louisville BC batting - Pitching for Athletic Club KC : LHP Vincent Hall
|
Pitching: LHP Vincent Hall
|
|
Batting: RHB Paul Houston
|
0-0: Called Strike 0-1: Ball 1-1: Bunt for hit - play at first, batter OUT! 3-4
|
Batting: RHB Keith Best
|
0-0: Ball 1-0: Ball 2-0: Ground out 6-3 (Groundball, 6)
|
Batting: RHB Andrés Rodríguez
|
0-0: Foul Ball, location: 2F 0-1: Fly out, F3 (Popup, 3SF)
|
Bottom of the 1st over - 0 run(s), 0 hit(s), 0 error(s), 0 left on base; Athletic Club KC 0 - Louisville 0 |
TOP OF THE 2ND |
Athletic Club KC batting - Pitching for Louisville BC : RHP Leroy Picot
|
Batting: RHB John Downing
|
0-0: Foul Ball, location: 2F 0-1: Ball 1-1: Foul Ball, location: 2F 1-2: Ball 2-2: Foul Ball, location: 2F 2-2: Foul Ball, location: 2F 2-2: Ball 3-2: Ground out 5-3 (Groundball, 56)
|
Batting: RHB Ramón Souza
|
0-0: Swinging Strike 0-1: Ball 1-1: Swinging Strike 1-2: Foul Ball, location: 2F 1-2: Strikes out swinging
|
Batting: LHB Emílio Sáenz
|
0-0: Called Strike 0-1: Foul Ball, location: 2F 0-2: Fly out, F7 (Flyball, 7LMF)
|
Top of the 2nd over - 0 run(s), 0 hit(s), 0 error(s), 0 left on base; Athletic Club KC 0 - Louisville 0 |
BOTTOM OF THE 2ND |
Louisville BC batting - Pitching for Athletic Club KC : LHP Vincent Hall
|
Batting: LHB Tim Hargrove
|
0-0: Ball 1-0: Ball 2-0: Ball 3-0: Base on Balls
|
Batting: RHB Chi-ju Zhang
|
0-0: Ball 1-0: Swinging Strike 1-1: Ball 2-1: Swinging Strike 2-2: Strikes out swinging
|
Batting: RHB Luis Mendoza
|
0-0: Foul Ball, location: 2F 0-1: Called Strike 0-2: Strikes out swinging
|
Batting: RHB Kyle Bridges
|
0-0: Ball 1-0: Called Strike 1-1: Ball 2-1: Foul Ball, location: 2F 2-2: Foul Ball, location: 2F 2-2: Ground out 6-3 (Groundball, 6)
|
Bottom of the 2nd over - 0 run(s), 0 hit(s), 0 error(s), 1 left on base; Athletic Club KC 0 - Louisville 0 |
TOP OF THE 3RD |
Athletic Club KC batting - Pitching for Louisville BC : RHP Leroy Picot
|
Batting: RHB Ed Hopkins
|
0-0: Foul Ball, location: 2F 0-1: Ball 1-1: Ball 2-1: SINGLE (Groundball, 34)
|
Batting: LHB Bob Davis
|
0-0: Swinging Strike 0-1: Foul Ball, location: 2F 0-2: Ball 1-2: Ball 2-2: Ball 3-2: Strikes out swinging
|
Batting: RHB Javier Díaz
|
0-0: Fly out, F8 (Flyball, 8RD)
|
Batting: RHB Jorge Trevino
|
0-0: Ball 1-0: Ball 2-0: Ball 3-0: Called Strike 3-1: Called Strike 3-2: Foul Ball, location: 2F 3-2: Ground out 5-3 (Groundball, 56)
|
Top of the 3rd over - 0 run(s), 1 hit(s), 0 error(s), 1 left on base; Athletic Club KC 0 - Louisville 0 |
BOTTOM OF THE 3RD |
Louisville BC batting - Pitching for Athletic Club KC : LHP Vincent Hall
|
Batting: LHB Gregory Johnson
|
0-0: Ball 1-0: Fly out, F8 (Flyball, 8RS)
|
Batting: RHB Roberto Guerrero
|
0-0: Foul Ball, location: 2F 0-1: Swinging Strike 0-2: Strikes out swinging
|
Batting: RHB Paul Houston
|
0-0: Foul Ball, location: 2F 0-1: Ball 1-1: Swinging Strike 1-2: Ground out 6-3 (Groundball, 6)
|
Bottom of the 3rd over - 0 run(s), 0 hit(s), 0 error(s), 0 left on base; Athletic Club KC 0 - Louisville 0 |
TOP OF THE 4TH |
Athletic Club KC batting - Pitching for Louisville BC : RHP Leroy Picot
|
Batting: LHB Rafael García
|
0-0: Ball 1-0: Ground out 4-3 (Groundball, 34)
|
Batting: RHB Rick Atkinson
|
0-0: Ball 1-0: Ground out 6-3 (Groundball, 6)
|
Batting: RHB John Downing
|
0-0: Ball 1-0: Ball 2-0: Called Strike 2-1: Fly out, F8 (Flyball, 78XD)
|
Top of the 4th over - 0 run(s), 0 hit(s), 0 error(s), 0 left on base; Athletic Club KC 0 - Louisville 0 |
BOTTOM OF THE 4TH |
Louisville BC batting - Pitching for Athletic Club KC : LHP Vincent Hall
|
Batting: RHB Keith Best
|
0-0: Called Strike 0-1: Swinging Strike 0-2: Ground out 6-3 (Groundball, 6M)
|
Batting: RHB Andrés Rodríguez
|
0-0: DOUBLE (Line Drive, 9LD)
|
Batting: LHB Tim Hargrove
|
0-0: Called Strike 0-1: Ball 1-1: Foul Ball, location: 2F 1-2: SINGLE (Line Drive, 9LS) Andrés Rodríguez to third Runner from 3rd tries for Home, SAFE, no throw or cutoff
|
Batting: RHB Chi-ju Zhang
|
0-0: Foul Ball, location: 2F 0-1: Called Strike 0-2: Foul Ball, location: 2F 0-2: Foul Ball, location: 2F 0-2: Grounds into double play, 1-6-3 (Groundball, 13)
|
Bottom of the 4th over - 1 run(s), 2 hit(s), 0 error(s), 0 left on base; Athletic Club KC 0 - Louisville 1 |
TOP OF THE 5TH |
Athletic Club KC batting - Pitching for Louisville BC : RHP Leroy Picot
|
Batting: RHB Ramón Souza
|
0-0: Called Strike 0-1: Called Strike 0-2: Ground out 6-3 (Groundball, 6M)
|
Batting: LHB Emílio Sáenz
|
0-0: Foul Ball, location: 2F 0-1: Swinging Strike 0-2: Ball 1-2: Ball 2-2: Strikes out swinging
|
Batting: RHB Ed Hopkins
|
0-0: Called Strike 0-1: Foul Ball, location: 2F 0-2: Foul Ball, location: 2F 0-2: Foul Ball, location: 2F 0-2: Foul Ball, location: 2F 0-2: Fly out, F3 (Popup, 34)
|
Top of the 5th over - 0 run(s), 0 hit(s), 0 error(s), 0 left on base; Athletic Club KC 0 - Louisville 1 |
BOTTOM OF THE 5TH |
Louisville BC batting - Pitching for Athletic Club KC : LHP Vincent Hall
|
Batting: RHB Luis Mendoza
|
0-0: Ground out 5-3 (Groundball, 56)
|
Batting: RHB Kyle Bridges
|
0-0: SINGLE (Groundball, 56D)
|
Batting: LHB Gregory Johnson
|
0-0: Called Strike 0-1: Ball 1-1: Ball 2-1: Fly out, F8 (Line Drive, 8RM)
|
Batting: RHB Roberto Guerrero
|
0-0: Swinging Strike 0-1: Ball 1-1: Ball 2-1: Foul Ball, location: 2F 2-2: Strikes out looking
|
Bottom of the 5th over - 0 run(s), 1 hit(s), 0 error(s), 1 left on base; Athletic Club KC 0 - Louisville 1 |
TOP OF THE 6TH |
Athletic Club KC batting - Pitching for Louisville BC : RHP Leroy Picot
|
Batting: LHB Bob Davis
|
0-0: DOUBLE (Line Drive, 5)
|
Batting: RHB Javier Díaz
|
0-0: Foul Ball, location: 2F 0-1: Ball 1-1: Foul Ball, location: 2F 1-2: Hit by Pitch
|
Batting: RHB Jorge Trevino
|
0-0: Swinging Strike 0-1: Sac Bunt - play at third, runner OUT! 3-5 Javier Díaz to second
|
Batting: LHB Rafael García
|
0-0: Called Strike Reached via error on a dropped throw, E1 Javier Díaz to third Jorge Trevino to second
|
Batting: RHB Rick Atkinson
|
0-0: Ball 1-0: Swinging Strike 1-1: Foul Ball, location: 2F 1-2: Ball 2-2: Ball 3-2: Foul Ball, location: 2F 3-2: Strikes out swinging
|
Batting: RHB John Downing
|
0-0: Called Strike 0-1: Foul Ball, location: 2F 0-2: Ball 1-2: Fielders Choice at 2nd, 6-4 (Groundball, 6)
|
Top of the 6th over - 0 run(s), 1 hit(s), 1 error(s), 2 left on base; Athletic Club KC 0 - Louisville 1 |
BOTTOM OF THE 6TH |
Louisville BC batting - Pitching for Athletic Club KC : LHP Vincent Hall
|
Batting: RHB Paul Houston
|
0-0: Called Strike 0-1: Fly out, F2 (Popup, 2RF)
|
Batting: RHB Keith Best
|
0-0: Called Strike 0-1: Ball 1-1: Foul Ball, location: 2F 1-2: Foul Ball, location: 2F 1-2: Foul Ball, location: 2F 1-2: Ground out 5-3 (Groundball, 5L)
|
Batting: RHB Andrés Rodríguez
|
0-0: Fly out, F8 (Flyball, 8RS)
|
Bottom of the 6th over - 0 run(s), 0 hit(s), 0 error(s), 0 left on base; Athletic Club KC 0 - Louisville 1 |
TOP OF THE 7TH |
Athletic Club KC batting - Pitching for Louisville BC : RHP Leroy Picot
|
Batting: RHB Ramón Souza
|
0-0: Ball 1-0: Ball 2-0: Ball 3-0: Called Strike 3-1: Called Strike 3-2: Strikes out swinging
|
Batting: LHB Emílio Sáenz
|
0-0: Foul Ball, location: 2F 0-1: Called Strike 0-2: Hit by Pitch
|
Batting: RHB Ed Hopkins
|
0-0: Called Strike 0-1: Ball 1-1: SINGLE (Flyball, 9LS) Emílio Sáenz to second Runner from 2nd tries for 3rd, SAFE, throw made to third
|
Pitching: RHP Scott Neal
|
|
Batting: LHB Bob Davis
|
0-0: 3-RUN HOME RUN (Flyball, 9D), Distance : 404 ft
|
Batting: RHB Javier Díaz
|
0-0: Ball 1-0: SINGLE (Line Drive, 9LS)
|
Batting: RHB Jorge Trevino
|
0-0: Ball Javier Díaz is caught stealing 2nd base 1-0: Ball 2-0: Ball 3-0: Base on Balls
|
Batting: LHB Rafael García
|
0-0: Ball 1-0: 2-RUN HOME RUN (Flyball, 9D), Distance : 409 ft
|
Batting: RHB Rick Atkinson
|
0-0: Called Strike 0-1: Foul Ball, location: 2F 0-2: Ball 1-2: Strikes out swinging
|
Top of the 7th over - 5 run(s), 4 hit(s), 0 error(s), 0 left on base; Athletic Club KC 5 - Louisville 1 |
BOTTOM OF THE 7TH |
Louisville BC batting - Pitching for Athletic Club KC : LHP Vincent Hall
|
Batting: LHB Tim Hargrove
|
0-0: Ball 1-0: Ground out 6-3 (Groundball, 6)
|
Batting: RHB Chi-ju Zhang
|
0-0: Ball 1-0: Called Strike 1-1: Ground out 5-3 (Groundball, 56)
|
Batting: RHB Luis Mendoza
|
0-0: Swinging Strike 0-1: Foul Ball, location: 2F 0-2: Ball 1-2: Strikes out looking
|
Bottom of the 7th over - 0 run(s), 0 hit(s), 0 error(s), 0 left on base; Athletic Club KC 5 - Louisville 1 |
TOP OF THE 8TH |
Athletic Club KC batting - Pitching for Louisville BC : RHP Scott Neal
|
Pitching: RHP Joe Crown
|
|
Batting: RHB John Downing
|
0-0: Called Strike 0-1: Foul Ball, location: 2F 0-2: Foul Ball, location: 2F 0-2: Ball 1-2: Ball 2-2: SINGLE (Groundball, 5)
|
Batting: RHB Ramón Souza
|
0-0: Called Strike 0-1: Ball 1-1: Foul Ball, location: 2F 1-2: Foul Ball, location: 2F 1-2: Foul Ball, location: 2F 1-2: SINGLE (Groundball, 15) (infield hit) John Downing to second
|
Batting: LHB Emílio Sáenz
|
0-0: Ball 1-0: Called Strike 1-1: Bunt missed! 1-2: Ball 2-2: Fielders Choice at 2nd, 4-6 (Groundball, 4) John Downing to third
|
Batting: RHB Ed Hopkins
|
0-0: Ball 1-0: Ball 2-0: Foul Ball, location: 2F 2-1: Ball 3-1: Base on Balls Emílio Sáenz to second
|
Batting: LHB Bob Davis
|
0-0: Ball 1-0: Called Strike 1-1: Swinging Strike 1-2: Strikes out swinging
|
Batting: RHB Javier Díaz
|
0-0: Ground out 5-3 (Groundball, 56S)
|
Top of the 8th over - 0 run(s), 2 hit(s), 0 error(s), 3 left on base; Athletic Club KC 5 - Louisville 1 |
BOTTOM OF THE 8TH |
Louisville BC batting - Pitching for Athletic Club KC : LHP Vincent Hall
|
Batting: RHB Kyle Bridges
|
0-0: Ball 1-0: Ball 2-0: Ball 3-0: Base on Balls
|
Batting: LHB Gregory Johnson
|
0-0: Called Strike 0-1: Fly out, F4 (Popup, 34D)
|
Batting: RHB Roberto Guerrero
|
0-0: Ball 1-0: Ball 2-0: Swinging Strike 2-1: Foul Ball, location: 2F 2-2: Foul Ball, location: 2F 2-2: Ball 3-2: Strikes out swinging
|
Batting: RHB Paul Houston
|
0-0: Swinging Strike 0-1: Swinging Strike 0-2: Ball 1-2: Strikes out swinging
|
Bottom of the 8th over - 0 run(s), 0 hit(s), 0 error(s), 1 left on base; Athletic Club KC 5 - Louisville 1 |
TOP OF THE 9TH |
Athletic Club KC batting - Pitching for Louisville BC : RHP Joe Crown
|
Batting: RHB Jorge Trevino
|
0-0: Ball 1-0: Ball 2-0: Foul Ball, location: 2F 2-1: Ball 3-1: Called Strike 3-2: Foul Ball, location: 2F 3-2: SINGLE (Groundball, 6MD)
|
Batting: LHB Rafael García
|
0-0: Bunted foul 0-1: Reached on error, E1 (Groundball, 13) Jorge Trevino to second
|
Batting: RHB Rick Atkinson
|
0-0: Foul Ball, location: 2F 0-1: Called Strike 0-2: Foul Ball, location: 2F 0-2: Ball 1-2: Ground out U3 (Groundball, 3S) Jorge Trevino to third Rafael García to second
|
Batting: RHB John Downing
|
0-0: Intentional Walk
|
Batting: RHB Ramón Souza
|
0-0: Ball 1-0: Ball 2-0: Called Strike 2-1: Foul Ball, location: 2F 2-2: Foul Ball, location: 2F 2-2: Ball 3-2: Foul Ball, location: 2F 3-2: SINGLE (Groundball, 6M) Jorge Trevino scores Rafael García to third John Downing to second Runner from 3rd tries for Home, throw and OUT!
|
Pitching: RHP John Cox
|
|
Batting: LHB Emílio Sáenz
|
0-0: Ball 1-0: Swinging Strike 1-1: Ground out U3 (Groundball, 3L)
|
Top of the 9th over - 1 run(s), 2 hit(s), 1 error(s), 2 left on base; Athletic Club KC 6 - Louisville 1 |
BOTTOM OF THE 9TH |
Louisville BC batting - Pitching for Athletic Club KC : LHP Vincent Hall
|
Batting: RHB Keith Best
|
0-0: Ball 1-0: Swinging Strike 1-1: Bunt for hit - play at first, batter OUT! 2-3
|
Batting: RHB Andrés Rodríguez
|
0-0: Called Strike 0-1: Ball 1-1: Ball 2-1: SINGLE (Flyball, 4MD)
|
Batting: LHB Tim Hargrove
|
0-0: Ball 1-0: Ground out 4-3 (Groundball, 13) Andrés Rodríguez to second
|
Batting: RHB Chi-ju Zhang
|
0-0: Called Strike 0-1: Ground out 5-3 (Groundball, 5S)
|
Bottom of the 9th over - 0 run(s), 1 hit(s), 0 error(s), 1 left on base; Athletic Club KC 6 - Louisville 1 |
|